 Dungeon Crawl Stone Soup version 0.29-a0-866-g0545e20025 (webtiles) character file.

Game seed: 17492933560133103072

1484 pikkel the Cudgeller (level 9, 0/74 HPs)
             Began as a Meteoran Fighter on July 17, 2022.
             Was an Initiate of Yredelemnul.
             Slain by an orc
             ... wielding a +0 falchion
              (4 damage)
             ... on level 6 of the Dungeon.
             The game lasted 00:14:48 (2787 turns).

pikkel the Cudgeller (Meteoran Fighter)             Turns: 2787, Time: 00:14:49

Health: 0/74       AC:  9    Str: 21    XL:     9   Next: 28%
Magic:  13/13      EV: 15    Int:  9    God:    Yredelemnul [......]
Gold:   263        SH:  6    Dex: 16    Spells: 8/8 levels left

rFire   . . .      SeeInvis .   a - +0 flail
rCold   . . .      Faith    +   c - +0 buckler
rNeg    . . .      Spirit   .   b - +0 scale mail
rPois   .          Reflect  .   p - +0 helmet
rElec   .          Harm     .   (no cloak)
rCorr   .          Rampage  .   (no gloves)
Will    +....                   (no boots)
Stlth   ..........              u - amulet of faith
HPRegen 0.22/turn               d - +4 ring of evasion
MPRegen 0.13/turn               (no ring)

@: glowing
A: sense surroundings 2, otherworldly, glowing, explore regen, screaming 1,
MP-powered wands
a: Renounce Religion, Recall Undead Harvest


You were on level 6 of the Dungeon.
You worshipped Yredelemnul.
Yredelemnul was noncommittal.
You visited 1 branch of the dungeon, and saw 6 of its levels.

You collected 263 gold pieces.

Inventory:

Hand Weapons
 a - a +0 flail (weapon)
Missiles
 n - 6 boomerangs
 v - 3 silver javelins (quivered)
Armour
 b - a +0 scale mail (worn)
 c - a +0 buckler (worn)
 p - a +0 helmet (worn)
Magical Staves
 x - a staff of air
Jewellery
 d - a +4 ring of evasion (left hand)
 u - an amulet of faith (around neck)
Scrolls
 e - a scroll of magic mapping
 g - a scroll of summoning
 h - a scroll of blinking
 j - 2 scrolls of teleportation
 l - 3 scrolls of identify
 o - 2 scrolls of enchant armour
 r - a scroll of poison
Potions
 m - a potion of haste


   Skills:
 + Level 5.6 Fighting
 + Level 7.7 Maces & Flails
 + Level 0.5 Throwing
 + Level 6.8 Armour
 + Level 3.6 Dodging
 + Level 5.8 Shields
 * Level 4.6 Invocations
 + Level 0.3 Evocations


You had 8 spell levels left.
You didn't know any spells.
Your spell library contained the following spells:

 Spells                   Type           Power      Damage    Failure   Level
 Poisonous Vapours        Pois/Air       0%         N/A       89%         2
 Corpse Rot               Necr/Pois/Air  0%         N/A       100%        4


Dungeon Overview and Level Annotations

Branches:
Dungeon (6/15) Zot: 785    Temple (0/1) D:6

Altars:
Hepliaklqana
Xom
Yredelemnul

Annotations:
D:4 1 runed translucent door


Innate Abilities, Weirdness & Mutations

You passively map the area around you.
You are easily found by Zot.
You glow in the dark.
You regain HP and MP as you explore.
You occasionally shout uncontrollably at your foes.
You expend magic power (3 MP) to strengthen your wands.


Message History

The gnoll barely misses you.
The gnoll hits you from afar with a +0 halberd.
You block the gnoll's attack.
You barely miss the gnoll.
The gnoll is almost dead.
The centaur barely misses you. The ogre closely misses you.
The orc priest mumbles some strange prayers to Beogh against you.
Beogh smites you!
The centaur hits you from afar with a +0 trident.
The orc closely misses you. You block the gnoll's attack.
The gnoll completely misses you. The gnoll barely misses you.
You barely miss the gnoll.
The gnoll is almost dead.
You block the centaur's attack. The orc hits you with a +0 falchion.
The gnoll barely misses you. The gnoll misses you.
The ogre completely misses you. The centaur closely misses you.
You sock the gnoll!
You kill the gnoll!
The gnoll is no longer moving quickly.
The centaur unwields a +0 trident.
The centaur wields a +0 shortbow.
The centaur shoots an arrow.
The arrow hits you! The orc misses you. The gnoll barely misses you.
The gnoll hits you but does no damage.
You hear an angry growl.
Okay, then.
You barely miss the orc priest.
The gnoll is no longer moving quickly.
The ogre hits you with a +0 giant club!!
* * * LOW HITPOINT WARNING * * *
The orc priest hits you but does no damage.
The orc completely misses you. The gnoll barely misses you.
The gnoll hits you but does no damage.
You hit the orc priest but do no damage.
The orc priest hits you with a +0 dagger.
* * * LOW HITPOINT WARNING * * *
A black bear comes into view.
The orc hits you but does no damage. The gnoll completely misses you.
You block the gnoll's attack. You block the ogre's attack.
You closely miss the orc priest. The orc priest closely misses you.
The orc hits you with a +0 falchion.
You die...
Your body rises from the dead as a mindless zombie.

.............,,,,,,,**
**,***
.o.#..........#.....###**,*
###5.........h........,**,*
#cn..................,,,*,*
ho#.................#**,,,*
)##..........*ooho..# *,***
.##..........*#5gng.# *,*
###......<..#*#Oooc5# *,*
#...........# *#@#*****,#*
.....#####..# #Z##*,,...*
##..## *..# #..##.....*
.....# *,.# ##........*
.....# **,,*** ####.....*
.....# *,,,,,* *,....*
.....# *,,,,,* *,,...*
.....# *,,,,,* *,,,..*
###### ******* *,,,,.*


You could see 2 black bears, an ogre (ally target), a necrophage, a centaur, an
orc priest, 2 gnolls, a shadow imp, 4 orcs, an ufetubus and a friendly gnoll
bouda zombie.

Vanquished Creatures
  Sigmund (D:2)
  2 ogres
  A phantom (D:4)
  2 necrophages (D:6)
  A bullfrog (D:4)
  A scorpion (D:6)
  3 hounds
  A jelly (D:5)
  3 orc priests
  A gnoll bouda (D:6)
  2 iguanas
  2 orc wizards (D:5)
  3 adders
  5 gnolls
  An ufetubus (D:6)
  A dart slug (D:1)
  7 orcs
  4 bats
  4 endoplasms
  4 giant cockroaches
  4 goblins
  3 hobgoblins
  11 kobolds
  2 quokkas (D:4)
  3 ball pythons
  2 frilled lizards
  16 rats
90 creatures vanquished.

Vanquished Creatures (collateral kills)
  The ghost of capka3m the Digger, an amateur MeEE (D:4)
  A kobold brigand (D:6)
  A scorpion (D:6)
  A white imp (D:6)
  A worm (D:4)
  2 orcs
  An endoplasm (D:1)
  A goblin (D:3)
  A hobgoblin (D:4)
  2 ball pythons (D:4)
  4 rats (D:4)
16 creatures vanquished.

Vanquished Creatures (others)
  A scorpion zombie (D:6)
  A hound zombie (D:6)
  An adder zombie (D:6)
  An iguana zombie (D:6)
  A spectral white imp (D:6)
  2 bat zombies
  A ball python zombie (D:4)
  A giant cockroach zombie (D:3)
  3 gnoll zombies
  5 kobold zombies (D:6)
  3 orc zombies
  A quokka zombie (D:4)
  8 rat zombies (D:4)
  2 plants (D:1)
31 creatures vanquished.

Grand Total: 137 creatures vanquished

Notes
Turn   | Place    | Note
-------+----------+-------------------------------------------
     0 | D:1      | pikkel the Meteoran Fighter began the quest for the Orb.
     0 | D:1      | Reached XP level 1. HP: 19/19 MP: 2/2
   210 | D:1      | Reached XP level 2. HP: 26/26 MP: 3/3
   247 | D:1      | Found a faded altar of an unknown god.
   254 | D:1      | Prayed at the altar of an unknown god.
   254 | D:1      | Became a worshipper of Yredelemnul the Dark
   414 | D:1      | Reached * piety under Yredelemnul
   432 | D:1      | Reached skill level 3 in Maces & Flails
   432 | D:1      | Reached XP level 3. HP: 14/31 MP: 4/4
   849 | D:2      | Noticed Sigmund
   863 | D:2      | Killed Sigmund
   864 | D:2      | Reached skill level 4 in Maces & Flails
   864 | D:2      | Reached skill level 5 in Armour
   864 | D:2      | Reached skill level 1 in Dodging
   864 | D:2      | Reached XP level 4. HP: 40/40 MP: 5/5
   864 | D:2      | Reached XP level 5. HP: 46/46 MP: 6/6
   864 | D:2      | Reached XP level 6. HP: 52/52 MP: 7/7
  1222 | D:3      | Found a shimmering altar of Xom.
  1646 | D:4      | Found a runed translucent door.
  1646 | D:4      | Noticed capka3m's ghost (amateur MeEE)
  1651 | D:4      | Reached XP level 7. HP: 59/59 MP: 8/8
  1690 | D:4      | Found a runed translucent door.
  1749 | D:4      | Reached skill level 5 in Maces & Flails
  1813 | D:4      | Reached ** piety under Yredelemnul
  1895 | D:4      | Found a hazy altar of Hepliaklqana.
  1953 | D:4      | Gained mutation: You occasionally shout uncontrollably at
                  | your foes. [potion of mutation]
  1953 | D:4      | Gained mutation: You expend magic power (3 MP) to
                  | strengthen your wands. [potion of mutation]
  1983 | D:4      | Killed capka3m's ghost
  1984 | D:4      | Reached skill level 6 in Maces & Flails
  1984 | D:4      | Reached skill level 5 in Shields
  1984 | D:4      | Reached XP level 8. HP: 27/67 MP: 4/10
  1993 | D:5      | Entered Level 5 of the Dungeon
  2287 | D:5      | Reached skill level 5 in Fighting
  2584 | D:6      | Reached skill level 7 in Maces & Flails
  2623 | D:6      | Gained mutation: You passively map the area around you.
                  | [Meteoran growth]
  2623 | D:6      | Reached XP level 9. HP: 42/74 MP: 11/13
  2705 | D:6      | Found a staircase to the Ecumenical Temple.
  2787 | D:6      | Slain by an orc

Illustrated notes

Levels and vault maps discovered:
D:1:      amcnicky_arrival_single_pillar, layout_basic,
          dilly_ecumenical_altar_fadedgnrine, minmay_crystal_room,
          grunt_decor_arrowhead, minmay_small_reverse_x
D:2:      layout_basic, minivault_14, uniq_sigmund
D:3:      layout_basic, mainiacjoe_overflow_24_doors, wad_rectangle_vault,
          uniq_ijyb
D:4:      layout_cave_pools, mainiacjoe_overflow_six_doors_small,
          ebering_ghost_sewer_f, serial_park_tiny_2, minmay_rat_hole
D:5:      layout_cave_pools
D:6:      layout_rooms, chequers_temple_overflow_minitemple,
          minmay_temple_entry_proselytizer, moated_statue,
          minmay_alternating_orb

Skill      XL: |  1  2  3  4  5  6  7  8 |
---------------+-------------------------+-----
Armour         | 4 5 6 |  6.8
Maces & Flails | 3 4 6 7 |  7.7
Fighting       | 4 5 |  5.6
Dodging        | 1 2 3 |  3.6
Shields        | 4 5 |  5.8
Invocations    | 2 4 |  4.6
Throwing       | |  0.5
Evocations     | |  0.3

Action                   |  1- 3 |  4- 6 |  7- 9 || total
-------------------------+-------+-------+-------++-------
Melee: Flail             |    50 |    86 |   231 ||   367
Throw: Boomerang         |     1 |       |       ||     1
       Javelin           |       |       |     5 ||     5
Invok: Dark Bargain      |       |       |     3 ||     3
       Recall Undead Har |       |       |     1 ||     1
Evoke: Wand              |       |       |     3 ||     3
  Use: Potion            |     1 |       |     9 ||    10
       Scroll            |       |       |     9 ||     9
 Stab: Distracted        |       |       |     1 ||     1
Armor: Scale mail        |    22 |    50 |   164 ||   236
Dodge: Dodged            |    25 |    36 |   172 ||   233
Block: Buckler           |    16 |    27 |   108 ||   151

Table legend: (Time is in decaauts)
 A = Elapsed time spent in this place.
 B = Non-inter-level travel time spent in this place.
 C = Inter-level travel time spent in this place.
 D = Time resting spent in this place.
 E = Time spent auto-exploring this place.
 F = Levels seen in this place.
 G = Mean time per level.
                   A        B        C        D        E       F      G
               +--------+--------+--------+--------+--------+-----+--------+
         Total |   2813 |   2731 |     82 |      0 |   1881 |   6 |  468.8 |
       Dungeon |   2813 |   2731 |     82 |      0 |   1881 |   6 |  468.8 |
               +--------+--------+--------+--------+--------+-----+--------+

Top non-repeatable levels by time:
     D:2: 692 daAuts
     D:4: 629 daAuts
     D:5: 562 daAuts
     D:1: 475 daAuts
     D:3: 244 daAuts
     D:6: 208 daAuts
